 Dungeon Crawl Stone Soup version 0.25.1-2-g60ff931df9 (webtiles) character file.

Game seed: 11026195130215180782

634 Johnny the Digger (level 7, -2/50 HPs)
             Began as a Demigod Earth Elementalist on Oct 7, 2020.
             Slain by an iguana (12 damage)
             ... on level 5 of the Dungeon.
             The game lasted 00:04:48 (5955 turns).

Johnny the Digger (Demigod Earth Elementalist)      Turns: 5955, Time: 00:04:49

Health: -2/50      AC:  3    Str: 11    XL:     7   Next: 4%
Magic:  12/16      EV: 12    Int: 23    God:
Gold:   259        SH:  0    Dex: 16    Spells: 10/14 levels left

rFire    . . .     SeeInvis .   z - +0 quarterstaff
rCold    . . .     Gourm    .   (shield currently unavailable)
rNeg     . . .     Faith    .   c - +0 robe
rPois    .         Spirit   .   t - +0 helmet
rElec    .         Reflect  .   (no cloak)
rCorr    .         Harm     .   (no gloves)
MR       .....                  (no boots)
Stlth    ++++......             x - amulet of the acrobat
HPRegen  0.16/turn              C - ring of stealth
MPRegen  0.15/turn              A - ring of stealth

@: no status effects
A: high mp 1
a: no special abilities


You were on level 5 of the Dungeon.
You were not hungry.

You visited 1 branch of the dungeon, and saw 5 of its levels.

You collected 259 gold pieces.

Inventory:

Hand Weapons
 z - a +0 quarterstaff (weapon)
Missiles
 b - 85 stones (quivered)
Armour
 c - a +0 robe (worn)
 t - a +0 helmet (worn)
Jewellery
 x - an amulet of the acrobat (around neck)
 A - a ring of stealth (right hand)
 C - a ring of stealth (left hand)
Scrolls
 a - 2 scrolls of enchant armour {unknown}
 f - 2 scrolls of teleportation {unknown}
 g - a scroll of random uselessness {unknown}
 i - a scroll of immolation {unknown}
 k - 2 scrolls of remove curse
 m - a scroll of magic mapping {unknown}
 n - 2 scrolls of identify {unknown}
 o - a scroll of noise {unknown}
 p - a scroll of fear {unknown}
 s - a scroll of blinking {unknown}
 y - a scroll of amnesia {unknown}
Potions
 e - 2 potions of stabbing {unknown}
 h - 3 potions of degeneration {unknown}
 j - 3 potions of heal wounds {unknown}
 l - 2 potions of flight {unknown}
 q - 4 potions of curing {unknown}
 r - a potion of invisibility {unknown}
 u - a potion of lignification {unknown}
 v - a potion of mutation {unknown}
 w - a potion of ambrosia {unknown}
 B - a potion of might {unknown}
Comestibles
 d - 9 rations
 D - 3 chunks of flesh


   Skills:
 - Level 1.7 Dodging
 - Level 1.7 Stealth
 + Level 4.1 Spellcasting
   Level 0.8 Transmutations
 * Level 6.5 Earth Magic


You had 10 spell levels left.
You knew the following spells:

 Your Spells              Type           Power        Failure   Level  Hunger
a - Sandblast             Erth           ####..       1%          1    None
b - Stone Arrow           Conj/Erth      ###...       9%          3    ##.....

Your spell library contained the following spells:

 Spells                   Type           Power        Failure   Level  Hunger
 Passwall                 Tmut/Erth      ###.....     3%          2    #......
 Lee's Rapid Deconstruct  Erth           ####......   21%         5    ######.
 Petrify                  Tmut/Erth      ###.....     22%         4    ####...
 Confusing Touch          Hex            #.......     30%         3    ##.....
 Gell's Gravitas          Tloc           #.........   30%         3    ##.....
 Yara's Violent Unravell  Hex/Tmut       #.........   94%         5    ######.
 Metabolic Englaciation   Hex/Ice        #.........   96%         5    ######.


Dungeon Overview and Level Annotations

Branches:
Dungeon (5/15)             Temple (0/1) D:5

Annotations:
D:4 Edmund


Innate Abilities, Weirdness & Mutations

You have an increased reservoir of magic. (+10% MP)


Message History

Casting: Sandblast (safe; 1% risk of failure)
Confirm with . or Enter, or press ? or * to list all spells.
Aiming: Sandblast (safe; 1% risk of failure)
Press: ? - help, Shift-Dir - straight line, f/p - iguana
Aim: an iguana (heavily wounded)
The blast of sand hits the iguana.
The iguana is heavily wounded.
b - 86 stones The iguana bites you.
* * * LOW HITPOINT WARNING * * *
Casting: Sandblast (safe; 1% risk of failure)
Confirm with . or Enter, or press ? or * to list all spells.
Aiming: Sandblast (safe; 1% risk of failure)
Press: ? - help, Shift-Dir - straight line, f/p - iguana
Aim: an iguana (heavily wounded)
The blast of sand hits the iguana but does no damage.
The iguana is heavily wounded.
b - 85 stones The iguana bites you!
You die...

...## ....##
#.... .# .....#
.... .# .....+
... .# .....#
..## .# ....##
#. ..# .# ...##
#. #.# .# ..##
#.###.###l# '##
#.......@.# .#
#..
....##.##### .#
#.# # #.##.#
.###.#####.##.#
..##.#........#
...#.#.###.####
...#.#.# #.#
...#.#.###.#
...#..#....#


You could see an iguana.

Vanquished Creatures
  2 ice beasts
  An ogre (D:4)
  A bullfrog zombie (D:5)
  2 hounds
  A centaur zombie (D:5)
  An orc priest (D:3)
  An orc wizard (D:4)
  A worker ant (D:4)
  6 adders
  A shadow imp (D:5)
  A worm (D:2)
  A dart slug (D:2)
  4 leopard geckos
  13 orcs
  2 giant cockroaches
  8 goblins
  8 hobgoblins
  11 jackals
  3 quokkas
  7 bats
  5 frilled lizards
  2 gnoll zombies (D:4)
  7 kobolds
  A leopard gecko skeleton (D:4)
  7 rats
97 creatures vanquished.

Notes
Turn   | Place    | Note
-------+----------+-------------------------------------------
     0 | D:1      | Johnny the Demigod Earth Elementalist began the quest for
                  | the Orb.
     0 | D:1      | Reached XP level 1. HP: 14/14 MP: 5/5
   158 | D:1      | Reached skill level 3 in Earth Magic
   605 | D:1      | Reached XP level 2. HP: 15/20 MP: 5/7
  1647 | D:2      | Reached XP level 3. HP: 24/26 MP: 3/9
  2382 | D:3      | Reached skill level 4 in Earth Magic
  2702 | D:3      | Found a faded altar of an unknown god.
  2784 | D:3      | Reached XP level 4. HP: 32/33 MP: 7/10
  3551 | D:4      | Noticed Edmund
  3653 | D:4      | Learned a level 3 spell: Stone Arrow
  3706 | D:4      | Found a basalt altar of Yredelemnul.
  3753 | D:4      | Reached XP level 5. HP: 38/38 MP: 7/12
  4008 | D:4      | Noticed an ogre
  4015 | D:4      | Killed an ogre
  4015 | D:4      | Reached skill level 5 in Earth Magic
  4469 | D:4      | Reached XP level 6. HP: 45/45 MP: 12/14
  4932 | D:5      | Entered Level 5 of the Dungeon
  5103 | D:5      | Reached skill level 6 in Earth Magic
  5283 | D:5      | Found a staircase to the Ecumenical Temple.
  5748 | D:5      | Reached XP level 7. HP: 41/50 MP: 14/16
  5955 | D:5      | Slain by an iguana

Illustrated notes

Levels and vault maps discovered:
D:1:      dpeg_arrival_long_road, layout_basic
D:2:      wander_river, layout_loops_ring
D:3:      layout_loops_ring, chequers_ecumenical_altar_simple
D:4:      layout_loops_corners, lemuel_zombie_altar_yredelemnul, uniq_edmund
D:5:      layout_loops_corners, minmay_temple_entry_butterflies, first_ration

Skill      XL: |  1  2  3  4  5  6 |
---------------+-------------------+-----
Earth Magic    | 3 4 5 6 |  6.5
Spellcasting   | 2 3 4 |  4.1
Dodging        | |  1.7
Stealth        | |  1.7
Transmutations | |  0.8

Action                   |  1- 3 |  4- 6 |  7- 9 || total
-------------------------+-------+-------+-------++-------
Melee: Unarmed           |    56 |    23 |       ||    79
       Spear             |     7 |       |       ||     7
       Quarterstaff      |       |    38 |    26 ||    64
 Cast: Sandblast         |    72 |    62 |     5 ||   139
  Use: Scroll            |     1 |     1 |       ||     2
 Stab: Sleeping          |     4 |     2 |     1 ||     7
  Eat: Chunk             |     6 |     7 |       ||    13
       Ration            |       |     1 |       ||     1
Armor: Robe              |    32 |    21 |     9 ||    62
Dodge: Dodged            |    89 |    54 |    31 ||   174
